Map: Frozen Temple

Players

llllllllllll

  • Race: Protoss Protoss
  • League: Grandmaster

Miszu - Winner!

  • Race: Terran Terran
  • League: Master

VOD

Have the link to the VOD?

Description

Time

  • Played on: June 29, 2016, 10:20 a.m.
  • Length: 9:01
Show
View Real Time Build Order
Export as new Build Order

llllllllllll Protoss 

Build Orders:  

Get SALT Encoding   

  12  0:01  Probe (Chrono Boost)  
  13  0:11  Probe (Chrono Boost)  
  14  0:18  Pylon  
  14  0:22  Probe (Chrono Boost)  
  15  0:37  Probe (Chrono Boost)  
  15  0:38  Gateway  
  16  0:47  Probe (Chrono Boost)  
  16  0:48  Assimilator  
  17  0:57  Assimilator  
  17  0:58  Probe (Chrono Boost)  
  18  1:08  Probe (Chrono Boost)  
  19  1:19  Probe (Chrono Boost)  
  20  1:26  Cybernetics Core  
  20  1:32  Pylon, Probe (Chrono Boost)  
  21  1:44  Probe (Chrono Boost)  
  21  1:45  Pylon  
  22  1:54  Probe (Chrono Boost)  
  23  2:04  Adept  
  23  2:05  Mothership Core (Chrono Boost), Warp Gate (Chrono Boost)  
  27  2:20  Stargate  
  27  2:23  Probe (Chrono Boost)  
  28  2:31  Adept  
  30  2:42  Probe  
  31  2:46  Gateway  
  31  2:49  Gateway  
  31  3:01  Gateway  
  31  3:07  Void Ray (Chrono Boost)  
  35  3:42  Pylon  
  35  3:45  Void Ray (Chrono Boost)  
  39  4:05  Adept  
  37  4:19  Adept x3  
  43  4:25  Pylon  
  43  4:28  Adept  
  45  4:44  Void Ray (Chrono Boost)  
  43  5:06  Adept x4  
  49  5:21  Void Ray (Chrono Boost)  
  51  5:58  Void Ray (Chrono Boost)  
  55  6:09  Adept x4  
  43  6:23  Pylon  
  43  6:37  Adept x2  
  43  6:38  Adept x2  
  43  6:52  Probe  
  44  6:56  Nexus  
  44  7:04  Probe  
  31  7:16  Probe  
  32  7:25  Robotics Facility  
  32  7:26  Pylon  
  32  7:29  Mothership Core (Chrono Boost)  
  32  7:32  Sentry x2  
  32  7:34  Sentry  
  38  7:41  Adept  
  40  7:46  Pylon  
  40  7:57  Stalker  
  42  8:02  Probe (Chrono Boost)  
  43  8:08  Stalker  
  45  8:30  Stalker  
  51  8:34  Stalker  
  39  8:55  Stalker  
Show
View Real Time Build Order
Export as new Build Order

Miszu Terran - Winner!

Build Orders: Liberator Opening, Reaper Expand 

Get SALT Encoding   

  12  0:00  SCV  
  13  0:13  SCV  
  14  0:17  Supply Depot  
  14  0:25  SCV  
  15  0:39  SCV  
  15  0:41  Barracks  
  16  0:44  Refinery  
  16  0:51  SCV  
  17  1:03  SCV  
  18  1:15  SCV  
  19  1:32  Orbital Command  
  19  1:33  Reaper  
  20  1:43  Command Center  
  20  1:52  Supply Depot  
  20  1:58  SCV  
  21  2:05  Barracks Reactor  
  21  2:10  SCV  
  21  2:12  Refinery  
  22  2:21  Factory  
  22  2:23  SCV  
  23  2:35  SCV  
  24  2:41  Marine x2  
  26  2:47  SCV  
  27  2:54  Orbital Command  
  27  2:59  Marine x2, SCV  
  30  3:07  Starport, Factory Tech Lab  
  30  3:11  SCV  
  31  3:17  Marine x2  
  33  3:22  SCV  
  33  3:23  SCV  
  33  3:25  Cyclone  
  33  3:26  Liberator  
  39  3:34  Supply Depot, Marine x2  
  41  3:47  SCV  
  45  3:52  Supply Depot, Marine  
  45  3:55  Supply Depot, Marine  
  47  4:10  Liberator  
  47  4:15  Marine x2  
  47  4:16  Cyclone  
  52  4:18  Engineering Bay, SCV  
  53  4:26  Supply Depot  
  56  4:33  Marine x2  
  58  4:41  Bunker  
  55  4:48  Missile Turret  
  45  5:09  Marine x2  
  45  5:13  Cyclone  
  50  5:20  Viking  
  52  5:23  Bunker  
  52  5:27  Marine x2  
  54  5:45  Marine  
  47  5:51  Viking  
  43  6:05  Orbital Command  
  39  6:13  SCV  
  39  6:18  Cyclone  
  44  6:19  Marine, Reaper  
  44  6:21  Viking  
  48  6:25  SCV  
  49  6:38  SCV  
  50  6:43  Marine  
  50  6:45  SCV  
  52  6:50  Marine, Barracks, SCV  
  52  6:53  Barracks  
  54  6:54  Medivac  
  54  6:57  SCV  
  54  7:17  SCV  
  54  7:18  Orbital Command  
  56  7:24  Marine x2  
  56  7:26  Medivac  
  60  7:38  Barracks Tech Lab  
  60  7:41  Marine  
  60  7:43  Marine x2  
  62  7:49  Refinery  
  62  8:03  Supply Depot  
  62  8:04  Supply Depot  
  62  8:17  Barracks Tech Lab  
  62  8:25  Marine, SCV x2  
  65  8:30  Marine x2  
  67  8:37  SCV x2  
  63  8:42  Marine  
Tags
 
Add a new tag
Caveats
  • Supply blocks, unpowered buildings, or Contaminate may cause inaccurate times.
  • Supply counts are checked every 10 seconds.